cohdb
Replays
Latest Replays
All Replays
Popular Replays
Top Player Replays
Match Explorer
How It Works
Community
CoH3 Stats
Reddit
Sign in to upload your games and track your stats! →
Sign in with Steam
Match 40546191
Unlisted
Match 40546191
Overview
Messages
Build Orders
End
Royal Engineer Section
Construct Section Command Post
Infantry Section
Vickers Machine Gun Team
Infantry Section
Selects Indian Artillery Battlegroup
Selects War Cry
Construct Platoon Command Post
Selects Gurkha Rifles Section
Gurkha Rifles Section
6-pounder Anti-tank Gun Team
Unlock M3 Stuart Light Tanks
Gurkha Rifles Section
Selects Volunteer Infantry
M3 Stuart Light Tank
Infantry Training
Selects Artillery Saturation
M3 Stuart Light Tank
Selects Off-map Airburst Barrage
War Cry
Kazven
Lil Crit
Saueee
faunusflora
0
0
Comments
sign in to comment!
No comments posted yet!